 Dungeon Crawl Stone Soup version 0.29.1-15-g9cfb28693d (webtiles) character file.

Game seed: 4617840881100008043

178 firemarshallily the Sneak (level 5, -6/36 HPs)
             Began as an Octopode Brigand on Mar 2, 2023.
             Killed from afar by an orc wizard (9 damage)
             ... with a magic dart
             ... on level 4 of the Dungeon.
             The game lasted 00:06:10 (3279 turns).

firemarshallily the Sneak (Octopode Brigand)        Turns: 3279, Time: 00:06:10

Health: -6/36      AC:  1    Str: 10    XL:     5   Next: 58%
Magic:  5/5        EV: 12    Int: 14    God:
Gold:   159        SH:  5    Dex: 15    Spells: 4/4 levels left

rFire   . . .      SeeInvis .   a - +2 dagger
rCold   . . .      Faith    .   (no shield)
rNeg    . . .      Spirit   .   (helmet restricted)
rPois   .          Reflect  +   d - amulet of reflection
rElec   .          Harm     .   w - ring of willpower
rCorr   .          Rampage  .   (no ring)
Will    +....                   (no ring)
Stlth   +++++.....              (no ring)
HPRegen 0.12/turn               (no ring)
MPRegen 0.09/turn               (no ring)
                                (no ring)
                                (no ring)

@: no status effects
A: almost no armour, amphibious, 8 rings, camouflage 1, gelatinous body 1,
(nimble swimmer 1), tentacles
a: no special abilities


You were on level 4 of the Dungeon.
You visited 1 branch of the dungeon, and saw 4 of its levels.

You collected 159 gold pieces.

Inventory:

Hand Weapons
 a - a +2 dagger (weapon)
 r - the +7 hand axe "Xuemyx" {drain, Str+2 Dex+5}
   (You found it on level 2 of the Dungeon)

   A truly terrible weapon, it drains the life of any living foe it strikes.
   Str:       It affects your strength (+2).
   Dex:       It affects your dexterity (+5).
Missiles
 b - 11 poisoned darts (quivered)
 c - 3 curare-tipped darts
 g - 3 boomerangs
Jewellery
 d - an amulet of reflection (around mantle)
 w - a ring of willpower (left tentacle)
 y - an amulet of the acrobat
Scrolls
 f - 2 scrolls of teleportation {unknown}
 j - a scroll of noise {unknown}
 k - 2 scrolls of butterflies {unknown}
 l - a scroll of silence {unknown}
 m - a scroll of magic mapping {unknown}
 n - a scroll of amnesia {unknown}
 o - 2 scrolls of fear {unknown}
 p - a scroll of poison
 q - 6 scrolls of identify {unknown}
 t - a scroll of torment {unknown}
 u - a scroll of immolation {unknown}
 v - a scroll of blinking {unknown}
 x - a scroll of acquirement {unknown}
Potions
 e - a potion of might {unknown}
 i - 2 potions of haste {unknown}
 s - a potion of mutation {unknown}
 z - a potion of attraction {unknown}
 A - a potion of degeneration {unknown}


   Skills:
 + Level 3.0 Fighting
 * Level 3.9 Short Blades
 - Level 2.0 Throwing
 - Level 1.0 Dodging
 * Level 7.1 Stealth


You had 4 spell levels left.
You didn't know any spells.
Your spell library was empty.

Dungeon Overview and Level Annotations

Branches:
Dungeon (4/15)
 Temple: D:4-7

Altars:
Kikubaaqudgha
Makhleb
Okawaru

Annotations:
D:4 Dowan


Innate Abilities, Weirdness & Mutations

You cannot wear most types of armour.
You are amphibious.
You can wear up to eight rings at the same time.
Your skin changes colour to match your surroundings (Stealth+).
Your rubbery body absorbs attacks. (AC +1, EV +1)
((You are camouflaged when in or above water. (Stealth+)))
You have tentacles for arms and can constrict up to eight enemies at once.


Message History

You constrict the orc. You hit the orc but do no damage.
The orc is almost dead.
You constrict the orc.
You kill the orc!
The orc priest mumbles some strange prayers to Beogh against you.
Beogh smites you!
You barely miss the ball python. Your grab misses the ball python.
The ball python bites you. The ball python grabs you.
The ball python constricts you.
The orc priest looks satisfied for a moment.
You hit the ball python. Your grab misses the ball python.
Your squeeze misses the ball python.
The ball python is severely wounded.
The ball python closely misses you. The ball python constricts you.
You hit the ball python.
You kill the ball python!
An orc comes into view. It is wielding a +0 short sword.
Throw: 3 boomerangs
Press: ? - help, Shift-Dir - straight line, f - orc wizard
Aim: an orc wizard, wielding a +0 dagger and wearing a +0 robe (53% to hit)
You throw a boomerang. The boomerang hits the orc wizard.
The orc wizard is moderately wounded.
The orc priest casts a cantrip, but nothing happens.
An orc comes into view. It is wielding a +0 club.
Throw: 3 boomerangs
Press: ? - help, Shift-Dir - straight line, f - orc priest, p - orc wizard
Aim: an orc priest, wielding a +0 dagger and wearing a +0 chain mail (68% to hit)
You throw a boomerang.
The boomerang hits the orc priest but does no damage.
Unknown command.
The orc priest calls down the wrath of Beogh upon you.
Beogh smites you!
* * * LOW HITPOINT WARNING * * *
You hear a shout!
The orc priest calls upon Beogh to heal the orc wizard.
The orc wizard's wounds heal themselves!
The orc wizard gestures at you while chanting.
The magic dart hits you!
You die...

#........
#.)....o.
#o.......
#o#...o..
####o#......
##.#o###...o.
#....# #....
#....# )...
#...@## o..
##.....##
#.......#
#.......#
#.......#
#.......#
#......##
#......#
#.....##


You could see an orc priest, 2 orc wizards and an orc.

Vanquished Creatures
  An iguana (D:4)
  7 adders
  A white imp (D:4)
  2 worms
  3 orcs
  3 endoplasms
  4 giant cockroaches
  5 goblins
  4 hobgoblins
  3 jackals (D:3)
  5 kobolds
  5 quokkas
  7 ball pythons
  9 bats
  2 frilled lizards
  10 rats
71 creatures vanquished.

Vanquished Creatures (others)
  4 plants (D:4)
4 creatures vanquished.

Grand Total: 75 creatures vanquished

Notes
Turn   | Place    | Note
-------+----------+-------------------------------------------
     0 | D:1      | firemarshallily the Octopode Brigand began the quest for
                  | the Orb.
     0 | D:1      | Reached XP level 1. HP: 14/14 MP: 1/1
   268 | D:1      | Reached XP level 2. HP: 19/19 MP: 2/2
   967 | D:2      | Reached XP level 3. HP: 17/24 MP: 3/3
  1150 | D:2      | Reached skill level 6 in Stealth
  1336 | D:2      | Identified the +7 hand axe "Xuemyx" {drain, Str+2 Dex+5}
  1792 | D:2      | Reached XP level 4. HP: 30/30 MP: 4/4
  2180 | D:3      | Found an ancient bone altar of Kikubaaqudgha.
  2368 | D:3      | Found a burning altar of Makhleb.
  2415 | D:3      | Found an iron altar of Okawaru.
  2860 | D:3      | Reached XP level 5. HP: 34/36 MP: 5/5
  3013 | D:4      | Reached skill level 7 in Stealth
  3016 | D:4      | Noticed Dowan
  3279 | D:4      | Killed from afar by an orc wizard

Illustrated notes

Levels and vault maps discovered:
D:1:      heliophobic_arrival_enchanted_forest, layout_loops_ring,
          minmay_tetromino_i4
D:2:      minmay_spotlight, layout_rooms
D:3:      layout_basic, mainiacjoe_overflow_concentric_impassable,
          lemuel_crystal_altar, marbit_many_paths, minivault_14, fountainhead,
          grunt_decor_clamped
D:4:      layout_cave_pods, serial_bayou, serial_bayou_pond_e,
          serial_bayou_crossing, serial_bayou_shore_a, serial_bayou_pond_e,
          lightli_corner_chamber, uniq_duvessa

Skill      XL: |  1  2  3  4  5 |
---------------+----------------+-----
Stealth        | 6 7 |  7.1
Short Blades   | 3 |  3.9
Fighting       | 3 |  3.0
Throwing       | |  2.0
Dodging        | |  1.0

Action                   |  1- 3 |  4- 6 || total
-------------------------+-------+-------++-------
Melee: Dagger            |    87 |    55 ||   142
       Constrict         |    15 |    11 ||    26
       Tentacles         |    12 |     6 ||    18
Throw: Boomerang         |       |     2 ||     2
       Dart              |       |     1 ||     1
  Use: Potion            |       |     3 ||     3
       Scroll            |       |     1 ||     1
 Stab: Sleeping          |    13 |     9 ||    22
       Distracted        |       |     1 ||     1
Armor: Skin              |     9 |     2 ||    11
Dodge: Dodged            |    51 |    14 ||    65
Block: Other             |    19 |     8 ||    27
       Reflection        |       |     1 ||     1
